 Dungeon Crawl Stone Soup version 0.30-a0-924-g0ad0bf95bc (webtiles) character file.

Game seed: 17718601392521768687

51326 ragingrage the Destroyer (level 14, 0/95 HPs)
             Began as a Demonspawn Enchanter on Mar 23, 2023.
             Was a High Priest of Vehumet.
             Slain by an ettin
             ... wielding a +0 dire flail
              (29 damage)
             ... on level 1 of the Orcish Mines.
             The game lasted 00:49:48 (24250 turns).

ragingrage the Destroyer (Demonspawn Enchanter)    Turns: 24250, Time: 00:49:48

Health: 0/95       AC: 11    Str:  8    XL:     14   Next: 23%
Magic:  0/37       EV: 22    Int: 20    God:    Vehumet [*****.]
Gold:   1784       SH:  5    Dex: 16    Spells: 3/33 levels left

rFire   . . .      SeeInvis .    a - +4 dagger (vamp)
rCold   . . .      Faith    .    V - +0 buckler
rNeg    . . .      Spirit   +    D - +0 leather armour of Wu Jian's Hatred {rPois}
rPois   +          Reflect  .    C - +1 hat
rElec   .          Rampage  .    z - +0 cloak
rCorr   .                        i - +0 pair of gloves
Will    +....                    l - +2 pair of boots
Stlth   +++                      k - amulet of guardian spirit
HPRegen 0.35/turn                h - +5 ring of evasion
MPRegen 0.25/turn                B - ring of magical power

@: agile, very slightly contaminated
A: horns 2, molten scales 1, foul stench 2, powered by pain 2
a: Renounce Religion


You were on level 1 of the Orcish Mines.
You worshipped Vehumet.
Vehumet was extremely pleased with you.
You visited 3 branches of the dungeon, and saw 18 of its levels.
You also visited: Bailey and Volcano.

You collected 1784 gold pieces.

Inventory:

Hand Weapons
 a - a +4 vampiric dagger (weapon)
Missiles
 f - 39 poisoned darts
Armour
 i - a +0 pair of gloves (worn)
 l - a +2 pair of boots (worn)
 z - a +0 cloak (worn)
 C - a +1 hat (worn)
 D - the +0 leather armour of Wu Jian's Hatred (worn) {rPois}
   (You found it on level 4 of the Dungeon)

   rPois:     It protects you from poison.
 I - a +2 robe of fire resistance
 V - a +0 buckler (worn)
Jewellery
 h - a +5 ring of evasion (left hand)
 k - an amulet of guardian spirit (around neck)
 t - a ring of protection from fire
 B - a ring of magical power (right hand)
 S - a ring of see invisible
Wands
 u - a wand of flame (18)
 x - a wand of mindburst (13)
 N - a wand of polymorph (14)
 U - a wand of light (2)
Scrolls
 j - a scroll of magic mapping
 m - 3 scrolls of fog
 p - 4 scrolls of enchant weapon
 q - a scroll of silence
 A - 3 scrolls of blinking
 J - 3 scrolls of teleportation
 L - a scroll of amnesia
 M - 2 scrolls of vulnerability
 O - a scroll of enchant armour
 W - a scroll of immolation {unknown}
Potions
 c - 6 potions of invisibility
 d - 3 potions of might
 e - 8 potions of curing
 n - 4 potions of berserk rage
 o - 7 potions of heal wounds
 s - 3 potions of cancellation
 v - 3 potions of haste
 w - 4 potions of lignification
 E - a potion of mutation
 F - 3 potions of flight
 G - a potion of magic
 K - a potion of brilliance
 P - a potion of ambrosia {unknown}
 Y - a potion of attraction {unknown}


   Skills:
 - Level 4.0 Fighting
 - Level 10.0 Short Blades
 - Level 4.0 Dodging
 - Level 6.0 Stealth
 - Level 4.0 Shields
 - Level 10.0 Spellcasting
 - Level 12.0 Conjurations
 - Level 7.0 Hexes
 - Level 3.0 Necromancy
 - Level 6.0 Transmutations
 - Level 4.0 Ice Magic
 - Level 3.0 Air Magic
 + Level 7.9 Earth Magic


You had 3 spell levels left.
You knew the following spells:

 Your Spells              Type           Power      Damage    Failure   Level
a - Iskenderun's Battles  Conj           55%        2d11      1%          5
b - Confusing Touch       Hex            38%        N/A       2%          3
c - Iron Shot             Conj/Erth      24%        9d5       10%         6
d - Tukima's Dance        Hex            38%        N/A       2%          3
e - Dazzling Flash        Conj/Hex       96%        N/A       1%          3
f - Ensorcelled Hibernat  Hex/Ice        64%        N/A       1%          2
g - Irradiate             Conj/Tmut      23%        3d19      2%          5
h - Swiftness             Air            22%        N/A       12%         3

Your spell library contained the following spells:

 Spells                   Type           Power      Damage    Failure   Level
 Conjure Ball Lightning   Conj/Air       20%        3x3d6     24%         6
 Beastly Appendage        Tmut           68%        N/A       1%          1
 Kiss of Death            Conj/Necr      100%       2d13      1%          1
 Shock                    Conj/Air       100%       1d9       1%          1
 Wereblood                Tmut           34%        N/A       1%          2
 Sublimation of Blood     Necr           22%        N/A       6%          2
 Spider Form              Tmut/Pois      22%        N/A       12%         3
 Petrify                  Tmut/Erth      37%        N/A       8%          4
 Airstrike                Air            11%        2d(2-18)  11%         4
 Animate Armour           Summ/Erth      50%        N/A       26%         4
 Blade Hands              Tmut           17%        N/A       30%         5
 Borgnjor's Vile Clutch   Necr/Erth      15%        N/A       36%         5
 Summon Ice Beast         Ice/Summ       18%        N/A       50%         4
 Summon Mana Viper        Hex/Summ       24%        N/A       65%         5
 Alistair's Intoxication  Tmut/Pois      14%        N/A       71%         5
 Eringya's Noxious Bog    Tmut/Pois      11%        N/A       78%         6
 Monstrous Menagerie      Summ           5%         N/A       100%        7


Dungeon Overview and Level Annotations

Branches:
Dungeon (11/15)            Temple (0/1) D:7            Lair (5/5) D:10
 Shoals (0/4) Lair:2        Snake (0/4) Lair:2        Slime (0/5) Lair:5
    Orc (2/2) D:9          Bailey (visited)         Volcano (visited)
    Elf: Orc:2

Altars:
Ashenzari
Cheibriados
Fedhas
Gozag
Hepliaklqana
Makhleb
Nemelex Xobeh
Okawaru
Trog
Uskayaw
Vehumet
Yredelemnul
Jiyva

Shops:
D:3 (   D:4 :   D:5 (

Annotations:
D:5 exclusion: downstairs
D:6 exclusion: downstairs
D:8 exclusion: 2 downstairs
D:11 exclusion: 2 doors
Lair:4 2 transporters, exclusion: downstairs, osoart's ghost, journeyman VSFi
Lair:5 1 exclusion
Orc:1 exclusion: downstairs


Innate Abilities, Weirdness & Mutations

You have a pair of horns on your head.
You are partially covered in molten scales. (AC +2)
You sometimes emit foul miasma when damaged in melee.
You sometimes gain power by taking damage.


Message History

You block the orc wizard's attack.
You hit the orc wizard.
You feel better.
You headbutt the orc wizard.
You hit the orc wizard but do no damage.
The orc priest barely misses you. The orc wizard casts a spell at you.
The magic dart hits you.
You barely miss the orc wizard. You hit the orc wizard.
You headbutt the orc wizard.
You kill the orc wizard!
Vehumet accepts your kill.
You feel your power returning. The orc priest closely misses you.
The orc priest completely misses you.
Items here: $ ) [ †.
You hit the orc priest.
You headbutt the orc priest, but do no damage.
You barely miss the orc priest. You headbutt the orc priest.
You kill the orc priest!
Vehumet accepts your kill.
You feel your power returning.
Things that are here:
a +0 flail; 23 gold pieces; an orc corpse
Things that are here:
a +0 trident; a +0 chain mail
Items here: )))) [[[.
Casting: Ensorcelled Hibernation (safe; 1% risk of failure)
Okay, then.
Okay, then.
Throw: 2 boomerangs (disperse)
Aim: an ettin, wielding two +0 dire flails (83% to hit)
You throw a boomerang of dispersal.
The boomerang of dispersal hits the ettin and shatters, but does no damage.
Throw: boomerang (disperse)
Aim: an ettin, wielding two +0 dire flails (83% to hit)
You throw a boomerang of dispersal.
The boomerang of dispersal hits the ettin and shatters, but does no damage.
The ettin hits you with a +0 dire flail!
You focus on the pain.
You feel agile all of a sudden.
The ettin hits you with a +0 dire flail!!!
You die...

##...#...##..#.# ..
#...##§.≈##.##.######.
#...#≈≈)≈≈#.....##..##
#...#≈≈.≈≈#....##....#
#...#≈§[≈≈#..#.#..oo#.
#..[###.###.....#.....
##)..######.##.#....#.
#######).#####...####.#.#.
##......)[@C).)....###.....
###.......).)))[.#....#...$#.
##.............†..)...##...#..
#....#...............####.###.
#........>......).$.# #.
##.#.#............[.## ##
#...#..............##
#.....#.#.......##
##.......#.......#


You could see an ettin.

Vanquished Creatures
  Gastronok (Lair:1)
  Josephine (Lair:3)
  5 hydras
  2 catoblepae
  A dancing weapon (Volcano)
  2 skysharks (Lair:3)
  5 wizards (Volcano)
  2 lindwurms (Lair:5)
  An orc knight (Orc:1)
  5 toenail golems (Volcano)
  3 black mambas
  21 elephants
  5 torpor snails (Lair:2)
  3 rime drakes
  19 cane toads
  10 komodo dragons
  2 polar bears
  A hornet (D:9)
  2 trolls
  A snapping turtle (Lair:2)
  11 dream sheep
  8 blink frogs
  28 yaks
  3 wyverns
  4 wraiths
  6 basilisks
  5 steam dragons
  2 wargs (Orc:1)
  3 nagas (Lair:2)
  16 water moccasins
  5 black bears
  11 orc warriors
  An ice beast (D:7)
  2 sky beasts
  4 ogres
  4 centaurs
  2 phantoms
  2 kobold brigands
  17 bullfrogs
  A gnoll sergeant (D:4)
  5 scorpions
  8 wights
  6 killer bees
  2 electric eels
  7 howler monkeys
  3 hounds
  13 orc priests
  3 jellies
  A sleepcap (D:7)
  5 iguanas
  Terence (D:2)
  13 orc wizards
  A mummy (D:10)
  14 gnolls
  3 adders
  A shadow imp (D:6)
  6 white imps
  2 ufetubi
  A worm (D:2)
  3 dart slugs
  33 orcs
  5 bats
  4 endoplasms
  7 giant cockroaches
  15 goblins
  9 hobgoblins
  2 jackals (D:3)
  2 quokkas
  7 ball pythons
  2 frilled lizards
  29 kobolds
  7 rats
447 creatures vanquished.

Vanquished Creatures (collateral kills)
  Maggie (D:6)
  6 wights
  An orc (Orc:1)
8 creatures vanquished.

Vanquished Creatures (others)
  9 dancing weapons
  39 fungi
  63 plants
111 creatures vanquished.

Grand Total: 566 creatures vanquished

Notes
Turn   | Place    | Note
-------+----------+-------------------------------------------
     0 | D:1      | ragingrage the Demonspawn Enchanter began the quest for the
                  | Orb.
     0 | D:1      | Reached XP level 1. HP: 13/13 MP: 3/3
    30 | D:1      | Reached skill level 1 in Short Blades
   131 | D:1      | Gained mutation: You have a pair of small horns on your
                  | head. [demonic ancestry]
   131 | D:1      | Reached XP level 2. HP: 13/19 MP: 5/5
   391 | D:1      | Learned a level 2 spell: Ensorcelled Hibernation
   614 | D:1      | Gained mutation: You may rarely emit foul miasma when
                  | damaged in melee. [demonic ancestry]
   614 | D:1      | Reached XP level 3. HP: 24/24 MP: 6/6
  1093 | D:1      | Reached skill level 1 in Ice Magic
  1243 | D:2      | Noticed Terence
  1259 | D:2      | Killed Terence
  1260 | D:2      | Reached XP level 4. HP: 30/30 MP: 4/7
  1861 | D:3      | Found Imyso's Weapon Boutique.
  2079 | D:3      | Learned a level 3 spell: Confusing Touch
  2415 | D:3      | Gained mutation: You have a pair of horns on your head.
                  | [demonic ancestry]
  2415 | D:3      | Reached XP level 5. HP: 32/35 MP: 5/8
  2523 | D:4      | Found an iron altar of Okawaru.
  3031 | D:4      | Identified the +0 leather armour of Wu Jian's Hatred
                  | {rPois}
  3193 | D:4      | Gained mutation: You sometimes gain a little power by
                  | taking damage. [demonic ancestry]
  3193 | D:4      | Reached XP level 6. HP: 41/41 MP: 9/9
  3243 | D:4      | Noticed an angel
  3253 | D:4      | Found a basalt altar of Yredelemnul.
  3255 | D:4      | Noticed a profane servitor
  3271 | D:4      | Noticed a steam dragon
  3290 | D:4      | Killed a steam dragon
  3538 | D:4      | Found Quujomn's Book Shoppe.
  3548 | D:4      | Reached skill level 5 in Short Blades
  3580 | D:4      | Found a faded altar of an unknown god.
  3581 | D:4      | Found a hazy altar of Hepliaklqana.
  3588 | D:4      | Prayed at the altar of an unknown god.
  3588 | D:4      | Became a worshipper of Vehumet
  3588 | D:4      | Reached * piety under Vehumet
  3588 | D:4      | Offered knowledge of Kiss of Death by Vehumet.
  3591 | D:4      | Learned a level 1 spell: Kiss of Death
  3659 | D:4      | Reached skill level 5 in Hexes
  3778 | D:5      | Entered Level 5 of the Dungeon
  3890 | D:5      | Reached XP level 7. HP: 46/46 MP: 10/10
  4416 | D:5      | Learned a level 3 spell: Tukima's Dance
  4937 | D:5      | Reached XP level 8. HP: 49/52 MP: 10/11
  5232 | D:5      | Found Umify Tulu's Weapon Emporium.
  5233 | D:5      | Found a bloodstained altar of Trog.
  5244 | D:5      | You fall into a shaft and drop 3 floors!
  5299 | D:8      | Found a flagged portal.
  5322 | Bailey   | Entered a bailey
  5346 | Bailey   | Offered knowledge of Freeze by Vehumet.
  5352 | Bailey   | Noticed an orc warlord
  5359 | Bailey   | Reached ** piety under Vehumet
  5494 | Bailey   | Reached skill level 1 in Conjurations
  5494 | Bailey   | Reached skill level 1 in Necromancy
  5748 | Bailey   | Found a runed translucent gate.
  5750 | Bailey   | Found a runed translucent gate.
  5751 | Bailey   | Found a runed translucent gate.
  6013 | D:8      | Acquired 822 gold pieces
  6097 | D:8      | Offered knowledge of Inner Flame by Vehumet.
  6348 | D:8      | Found a blossoming altar of Fedhas.
  6406 | D:8      | Reached skill level 5 in Stealth
  6620 | D:8      | Found an opulent altar of Gozag.
  6623 | D:8      | Found a broken altar of Ashenzari.
  6752 | D:8      | Found a sparkling altar of Nemelex Xobeh.
  6838 | D:9      | Gained mutation: You sometimes emit foul miasma when
                  | damaged in melee. [demonic ancestry]
  6838 | D:9      | Reached XP level 9. HP: 47/57 MP: 12/12
  6962 | D:8      | Reached *** piety under Vehumet
  7681 | D:6      | Offered knowledge of Airstrike by Vehumet.
  7727 | D:6      | Learned a level 3 spell: Dazzling Flash
  7907 | D:6      | Noticed Maggie
  7919 | D:6      | Killed Maggie
  7920 | D:6      | Reached skill level 2 in Conjurations
  8038 | D:6      | Reached skill level 3 in Conjurations
  9046 | D:7      | Found a staircase to the Ecumenical Temple.
  9409 | D:7      | Reached skill level 1 in Fighting
  9692 | D:9      | Found a burning altar of Makhleb.
  9777 | D:9      | Reached XP level 10. HP: 64/65 MP: 10/13
  9972 | D:9      | Reached **** piety under Vehumet
 10090 | D:9      | Found a hide-covered altar of Uskayaw.
 10380 | D:9      | Found a staircase to the Orcish Mines.
 10400 | D:9      | Offered knowledge of Iskenderun's Battlesphere by Vehumet.
 11399 | D:10     | Entered Level 10 of the Dungeon
 11742 | D:10     | Reached skill level 10 in Short Blades
 12062 | D:10     | Learned a level 5 spell: Iskenderun's Battlesphere
 12490 | D:10     | Reached skill level 5 in Spellcasting
 12493 | D:10     | Reached skill level 4 in Conjurations
 12694 | D:10     | Found a staircase to the Lair.
 12718 | D:10     | Found a snail-covered altar of Cheibriados.
 13076 | Lair:1   | Entered Level 1 of the Lair of Beasts
 13100 | Lair:1   | Noticed a cane toad
 13116 | Lair:1   | Gained mutation: You are partially covered in molten
                  | scales. (AC +2) [demonic ancestry]
 13116 | Lair:1   | Reached XP level 11. HP: 77/77 MP: 18/18
 13129 | Lair:1   | Reached skill level 5 in Conjurations
 13413 | Lair:1   | Reached skill level 6 in Conjurations
 13573 | Lair:1   | Noticed Gastronok
 13993 | Lair:2   | Found a staircase to the Snake Pit.
 14328 | Lair:2   | Reached skill level 7 in Conjurations
 14366 | Lair:2   | Noticed a five-headed hydra
 14395 | Lair:2   | Killed a five-headed hydra
 14480 | Lair:2   | Learned a level 5 spell: Irradiate
 14551 | Lair:2   | Reached skill level 1 in Transmutations
 15021 | Lair:2   | Found a snail-covered altar of Cheibriados.
 15171 | Lair:2   | Reached skill level 5 in Transmutations
 15418 | Lair:2   | Found a staircase to the Shoals.
 15652 | Lair:3   | Reached XP level 12. HP: 83/83 MP: 22/22
 15728 | Lair:3   | Reached skill level 8 in Conjurations
 15780 | Lair:3   | Noticed Josephine
 15813 | Lair:3   | Noticed a catoblepas
 15842 | Lair:3   | Killed a catoblepas
 16294 | Lair:3   | Learned a level 3 spell: Swiftness
 16545 | Lair:3   | Reached skill level 1 in Air Magic
 16811 | Lair:3   | Killed Josephine
 16933 | Lair:3   | Reached skill level 9 in Conjurations
 17214 | Lair:4   | Reached ***** piety under Vehumet
 17313 | Lair:4   | Offered knowledge of Conjure Ball Lightning by Vehumet.
 17872 | Lair:3   | Reached skill level 10 in Conjurations
 18080 | Lair:4   | Noticed osoart's ghost (journeyman VSFi)
 18418 | Lair:4   | Noticed an eight-headed hydra
 18777 | Lair:4   | Found a bloodstained altar of Trog.
 18781 | Lair:4   | Found a transporter.
 19069 | Lair:4   | Found a transporter.
 19388 | Lair:5   | Entered Level 5 of the Lair of Beasts
 19442 | Lair:5   | Gained mutation: You sometimes gain power by taking damage.
                  | [demonic ancestry]
 19442 | Lair:5   | Reached XP level 13. HP: 88/88 MP: 26/26
 19511 | Lair:5   | Reached skill level 1 in Shields
 19945 | Lair:5   | Reached skill level 11 in Conjurations
 20528 | Lair:5   | Learned a level 6 spell: Iron Shot
 20694 | Lair:5   | Reached skill level 10 in Spellcasting
 20694 | Lair:5   | Reached skill level 1 in Earth Magic
 21962 | Lair:5   | Reached skill level 12 in Conjurations
 22277 | Lair:4   | Reached skill level 5 in Earth Magic
 22406 | Lair:5   | Found a viscous altar of Jiyva.
 22542 | Lair:5   | Found a staircase to the Slime Pits.
 22974 | Lair:1   | Killed Gastronok
 23064 | Orc:1    | Entered Level 1 of the Orcish Mines
 23071 | Orc:1    | Noticed an ettin
 23077 | Orc:1    | Reached XP level 14. HP: 64/95 MP: 26/28
 23204 | Orc:1    | Found a dark tunnel.
 23252 | Volcano  | Entered a volcano
 24148 | Orc:2    | Entered Level 2 of the Orcish Mines
 24250 | Orc:1    | Slain by an ettin

Illustrated notes

Levels and vault maps discovered:
D:1:      ncdulo_halloftheorcs, layout_rooms
D:2:      layout_rooms, uniq_terence
D:3:      layout_loops_ring, serial_shops, shop, dk_noncrumbling_3,
          amcnicky_mini_rare_corridor_liquid
D:4:      minmay_evil_eye, layout_rooms, beargit_hepliaklqana_dungeon_heroes,
          kennysheep_okawaru_gauntlet, grunt_temple_overflow_holy_war,
          serial_shops, nicolae_shop_crystal, minmay_goblin_kobold_house
D:5:      layout_basic, trog_butcher_becter, serial_shops, nicolae_shop_crystal
D:6:      layout_loops_corners, uniq_maggie
D:7:      layout_cave_pods, temple_fountains
D:8:      hellmonk_ruined_rings, layout_cave_pools, kennysheep_mini_moat,
          nicolae_overflow_squiral, nemelex_spade_bored_becter, enter_bailey_2,
          minmay_between
D:9:      layout_stronghold, lemuel_doored_altar, nicolae_uskayaw_dance_hall,
          erik_orc_4, serial_bayou_pond_e, nicolae_sextant
D:10:     layout_loops_cross, slow_altar_2, lair_entry_dummy, st_stairs_4
D:11:     layout_roguey
Lair:1:   layout_layer_cave, serial_bayou_pond_a, nicolae_quartered_pool_super,
          infiniplex_staircase_pool_2, uniq_gastronok
Lair:2:   layout_misc_corridors, minmay_shoals_entry_hut,
          guppyfry_snake_entry_garden, kennysheep_snail_temple
Lair:3:   layout_small_grid, patterned_corridor, uniq_josephine
Lair:4:   layout_hall_layers, gammafunk_ghost_wrathful_warriors
Lair:5:   cheibrodos_lair_end_hotspot, layout_cave_pods, slime_entry_1,
          portal_ice_cave_entry_pillars_2
Orc:1:    layout_caves, lightli_volcano_entry_magma_tube, serial_shops, shop,
          mines3_lemuel
Orc:2:    st_orc_ogre_mass, layout_caves

Skill      XL: |  1  2  3  4  5  6  7  8  9 10 11 12 13 14 |
---------------+-------------------------------------------+-----
Short Blades   | 1 2 3 4 5 6 9 10 | 10.0
Ice Magic      | 1 2 4 |  4.0
Hexes          | 4 5 6 7 |  7.0
Stealth        | 3 5 6 |  6.0
Conjurations   | 1 3 4 7 10 12 | 12.0
Necromancy     | 2 3 |  3.0
Dodging        | 2 4 |  4.0
Fighting       | 1 4 |  4.0
Spellcasting   | 5 7 9 10 | 10.0
Transmutations | 5 6 |  6.0
Air Magic      | 3 |  3.0
Shields        | 4 |  4.0
Earth Magic    | 6 7 |  7.9

Action                     |  1- 3 |  4- 6 |  7- 9 | 10-12 | 13-15 || total
---------------------------+-------+-------+-------+-------+-------++-------
  Melee: Dagger            |    71 |    89 |   294 |   535 |   417 ||  1406
         Headbutt          |     7 |    16 |    54 |   157 |   140 ||   374
         Punch             |     1 |     2 |     1 |    13 |     3 ||    20
   Fire: Sling             |       |       |    20 |    16 |       ||    36
  Throw: Dart              |       |       |     4 |       |       ||     4
         Boomerang         |       |       |       |       |     2 ||     2
   Cast: Ensorcelled Hiber |     6 |    34 |    79 |   184 |    87 ||   390
         Confusing Touch   |       |       |     9 |    18 |    23 ||    50
         Tukima's Dance    |       |       |    25 |    11 |    13 ||    49
         Dazzling Flash    |       |       |       |     9 |    10 ||    19
         Irradiate         |       |       |       |     4 |    17 ||    21
         Iskenderun's Batt |       |       |       |       |     2 ||     2
         Iron Shot         |       |       |       |       |    16 ||    16
  Evoke: Wand              |       |     2 |       |     4 |    11 ||    17
    Use: Potion            |     1 |       |       |       |       ||     1
         Scroll            |       |     1 |    13 |    12 |     9 ||    35
   Stab: Sleeping          |     7 |    25 |    53 |    91 |    30 ||   206
         Distracted        |       |     1 |       |       |     1 ||     2
         Confused          |       |       |     4 |    19 |    22 ||    45
         Invisible         |       |       |       |     6 |     9 ||    15
 Armour: Robe              |    10 |     6 |       |       |       ||    16
         Leather armour    |       |     7 |    51 |    71 |   114 ||   243
         Ring mail         |       |     2 |       |       |       ||     2
  Dodge: Dodged            |    45 |    68 |   190 |   301 |   303 ||   907
  Block: Buckler           |       |       |       |       |    62 ||    62

Table legend: (Time is in decaauts)
 A = Elapsed time spent in this place.
 B = Non-inter-level travel time spent in this place.
 C = Inter-level travel time spent in this place.
 D = Time resting spent in this place.
 E = Time spent auto-exploring this place.
 F = Levels seen in this place.
 G = Mean time per level.
                   A        B        C        D        E       F      G
               +--------+--------+--------+--------+--------+-----+--------+
         Total |  23811 |  22209 |   1602 |   5887 |  10872 |  20 | 1190.6 |
       Dungeon |  12359 |  11615 |    744 |   3070 |   6291 |  11 | 1123.5 |
          Lair |   9739 |   8881 |    858 |   2207 |   4272 |   5 | 1947.8 |
  Orcish Mines |    316 |    316 |      0 |     73 |     33 |   2 |  158.0 |
        Bailey |    589 |    589 |      0 |    207 |     39 |   1 |  589.0 |
       Volcano |    806 |    806 |      0 |    330 |    237 |   1 |  806.0 |
               +--------+--------+--------+--------+--------+-----+--------+

Top non-repeatable levels by time:
  Lair:4: 3097 daAuts
  Lair:5: 2304 daAuts
     D:9: 1863 daAuts
  Lair:2: 1656 daAuts
  Lair:3: 1635 daAuts
     D:5: 1585 daAuts
    D:10: 1549 daAuts
     D:6: 1214 daAuts
     D:4: 1213 daAuts
     D:7: 1156 daAuts
     D:8: 1119 daAuts
  Lair:1: 1047 daAuts
     D:3: 870 daAuts
     D:1: 856 daAuts
     D:2: 811 daAuts
